 Dungeon Crawl Stone Soup version 0.24.0-35-gdb84b6a5db (webtiles) character file.

Game seed: 12594114564119932141, levelgen mode: deterministic

133 PentaManta the Sneak (level 4, 0/22 HPs)
             Began as a Spriggan Assassin on Nov 17, 2019.
             Slain by an orc wizard
             ... wielding a +0 dagger
              (2 damage)
             ... on level 3 of the Dungeon.
             The game lasted 00:04:21 (2374 turns).

PentaManta the Sneak (Spriggan Assassin)            Turns: 2374, Time: 00:04:21

Health: 0/22       AC:  7    Str:  7    XL:     4   Next: 93%
Magic:  5/5        EV: 21    Int: 12    God:
Gold:   28         SH:  2    Dex: 18    Spells: 3/3 levels left

rFire    . . .     SeeInvis +   a - +2 dagger
rCold    . . .     Gourm    .   (shield restricted)
rNeg     . . .     Faith    .   b - +0 robe
rPois    .         Spirit   .   (helmet restricted)
rElec    .         Reflect  +   c - +0 cloak
rCorr    .         Harm     .   (gloves unavailable)
MR       .....                  (boots unavailable)
Stlth    ++++......             i - +2 amulet of reflection
HPRegen  0.07/turn              h - +4 ring of protection
MPRegen  0.09/turn              (no ring)

@: very quick
A: very small, unfitting armour, see invisible, herbivore, speed 3, slow
metabolism 2
a: no special abilities


You were on level 3 of the Dungeon.
You were not hungry.

You visited 1 branch of the dungeon, and saw 4 of its levels.

You collected 28 gold pieces.

Inventory:

Hand Weapons
 a - a +2 dagger (weapon)
Missiles
 d - 8 poisoned darts (quivered)
 e - 2 curare-tipped darts
Armour
 b - a +0 robe (worn)
 c - a +0 cloak (worn)
Jewellery
 h - a +4 ring of protection (left hand)
 i - a +2 amulet of reflection (around neck)
Scrolls
 g - 2 scrolls of random uselessness {unknown}
 j - a scroll of fog {unknown}
 l - 2 scrolls of identify {unknown}
 m - 2 scrolls of remove curse {unknown}
 n - a scroll of noise {unknown}
Potions
 k - 2 potions of cancellation {unknown}
 o - a potion of agility {unknown}
Comestibles
 f - 4 rations


   Skills:
 - Level 1.5 Fighting
 + Level 3.3 Short Blades
 - Level 2.0 Throwing
 * Level 5.1 Dodging
 + Level 7.0 Stealth


You had 3 spell levels left.
You didn't know any spells.
Your spell library was empty.

Dungeon Overview and Level Annotations

Branches:
Dungeon (4/15)
 Temple: D:4-7

Altars:
Ashenzari
Hepliaklqana
Okawaru
Xom

Annotations:
D:2 exclusions: spectral thing and 2 unseen horrors


Innate Abilities, Weirdness & Mutations

You are very small and have problems with some larger weapons.
You are too small for most types of armour.
You have supernaturally acute eyesight. (SInv)
You are a herbivore.
You cover ground extremely quickly.
You need to consume almost no food.


Message History

There is a stone staircase leading down, spattered with blood here.
The orc wizard mumbles some strange words.
The orc wizard blinks!
You hit the orc wizard.
The orc wizard is almost dead.
The orc wizard casts a spell at you. The magic dart hits you!
* * * LOW HITPOINT WARNING * * *
You closely miss the orc wizard.
The orc wizard is almost dead.
You barely miss the orc wizard.
The orc wizard is almost dead.
The orc wizard closely misses you.
You closely miss the orc wizard.
The orc wizard is almost dead.
The orc wizard hits you but does no damage.
You barely miss the orc wizard.
The orc wizard is almost dead.
The orc wizard hits you with a +0 dagger.
You die...

##.#.##..# #.#
##.###..######.# ###
#.........# ###.#########
######### #....# #.......#
#.#..########### #.#####.#
#.#............# #.#
#.######.#..o.....###.# #.#
#....)@#.....♣♣♣....#.# #.#
#.####o#..........#.#.#
#.#####.##........♣.†♣..#.#.#
##.......##..................#
#.........#..............#.###
#..##.##..#..............#.#
#..##..#..#.....#....#####.#
#.........#######'#### #.#
##.###.#.## ##...## #.#


You could see an orc wizard.

Vanquished Creatures
  An orc wizard (D:4)
  3 adders
  A shadow imp (D:3)
  A dart slug (D:3)
  A worm (D:3)
  2 leopard geckos
  4 orcs (D:3)
  3 giant cockroaches
  6 hobgoblins
  4 jackals (D:2)
  7 kobolds
  2 quokkas
  12 bats
  6 frilled lizards
  6 goblins
  6 rats
65 creatures vanquished.

Notes
Turn   | Place    | Note
-------+----------+-------------------------------------------
     0 | D:1      | PentaManta the Spriggan Assassin began the quest for the
                  | Orb.
     0 | D:1      | Reached XP level 1. HP: 10/10 MP: 2/2
    92 | D:1      | Reached skill level 6 in Stealth
   110 | D:1      | Reached XP level 2. HP: 12/14 MP: 3/3
   978 | D:2      | Found an iron altar of Okawaru.
   988 | D:2      | Reached XP level 3. HP: 14/18 MP: 4/4
  1349 | D:2      | Found a hazy altar of Hepliaklqana.
  1350 | D:2      | Found a shimmering altar of Xom.
  1350 | D:2      | Noticed an unseen horror
  1351 | D:2      | Noticed a spectral ugly thing
  1351 | D:2      | Noticed an unseen horror
  1463 | D:3      | Found a faded altar of an unknown god.
  1603 | D:3      | Found a shattered altar of Ashenzari.
  1607 | D:3      | Reached XP level 4. HP: 22/22 MP: 5/5
  2219 | D:4      | Reached skill level 5 in Dodging
  2314 | D:3      | Reached skill level 7 in Stealth
  2370 | D:3      | HP: 1/22 [orc wizard/magic dart (7)]
  2374 | D:3      | Slain by an orc wizard

Levels and vault maps discovered:
D:1:      evilmike_arrival_fibonacci_small, layout_rooms
D:2:      minmay_evil_eye, layout_rooms, regret_index_temple_of_mockery,
          first_ration, okawaru_ov_weapons_minmay
D:3:      layout_loops_corners, lemuel_coloured_pillars_altar,
          chequers_ecumenical_altar_simple, chequers_garden
D:4:      layout_basic, serial_shops, nicolae_shop_waterfront

Skill      XL: |  1  2  3  4 |
---------------+-------------+-----
Dodging        | 2 3 4 5 |  5.1
Stealth        | 6 7 |  7.0
Short Blades   | 3 |  3.3
Fighting       | |  1.5
Throwing       | |  2.0

Action                   |  1- 3 |  4- 6 || total
-------------------------+-------+-------++-------
Melee: Dagger            |   151 |   135 ||   286
 Stab: Sleeping          |    13 |     3 ||    16
Armor: Robe              |    16 |    11 ||    27
Dodge: Dodged            |   114 |    95 ||   209
Block: Other             |     2 |     8 ||    10
